 Dungeon Crawl Stone Soup version 0.25-a0-668-gea548f19b6 (webtiles) character file.

Game seed: 12143544755589697297, levelgen mode: deterministic

109 Masnef the Ogre Mage (level 4, -3/40 HPs)
             Began as an Ogre Wizard on Mar 22, 2020.
             Killed by nerve-wracking pain
             ... invoked by Menkaure
              (7 damage)
             ... on level 4 of the Dungeon on Mar 28, 2020.
             The game lasted 00:10:37 (3348 turns).

Masnef the Ogre Mage (Ogre Wizard)                  Turns: 3348, Time: 00:10:38

Health: -3/40      AC:  3    Str: 11    XL:     4   Next: 90%
Magic:  6/10       EV: 10    Int: 20    God:
Gold:   66         SH:  0    Dex:  7    Spells: 0/11 levels left

rFire    + . .     SeeInvis .   j - +1 whip (elec)
rCold    + . .     Gourm    .   (no shield)
rNeg     . . .     Faith    .   a - +0 robe
rPois    +         Spirit   .   b - +0 hat
rElec    .         Reflect  .   n - scarf {rC+ rF+}
rCorr    .         Harm     .   (gloves unavailable)
MR       .....                  (boots unavailable)
Stlth    +.........             (no amulet)
HPRegen  0.13/turn              g - ring of poison resistance
MPRegen  0.12/turn              (no ring)

@: no status effects
A: large, unfitting armour, tough skin 1
a: no special abilities


You were on level 4 of the Dungeon.
You were not hungry.

You visited 1 branch of the dungeon, and saw 4 of its levels.

You collected 66 gold pieces.

Inventory:

Hand Weapons
 h - a +0 dagger
 j - a +1 whip of electrocution (weapon)
 l - a +2 whip of venom
Armour
 a - a +0 robe (worn)
 b - a +0 hat (worn)
 n - a scarf of resistance (worn)
Jewellery
 g - a ring of poison resistance (left hand)
 o - an uncursed ring of teleportation
 p - an uncursed amulet of inaccuracy
Scrolls
 e - a scroll of enchant armour {unknown}
 f - 4 scrolls of remove curse
 k - 2 scrolls of identify
 m - a scroll of noise {unknown}
 q - a scroll of fear {unknown}
 r - a scroll of teleportation {unknown}
Potions
 c - 3 potions of brilliance
 i - 6 potions of curing
 s - 3 potions of heal wounds
Comestibles
 d - 4 rations


   Skills:
 + Level 0.7 Fighting
 * Level 1.0 Maces & Flails
 + Level 2.2 Dodging
 + Level 1.6 Stealth
 * Level 4.0 Spellcasting
 + Level 1.4 Conjurations
 * Level 2.0 Summonings
 * Level 2.0 Translocations


You couldn't memorise any spells.
You knew the following spells:

 Your Spells              Type           Power        Failure   Level  Hunger
a - Magic Dart            Conj           #...         7%          1    None
b - Blink                 Tloc           N/A          9%          2    #......
c - Call Imp              Summ           ##......     9%          2    #......
d - Mephitic Cloud        Conj/Pois/Air  #.......     32%         3    ###....
e - Conjure Flame         Conj/Fire      #.......     28%         3    ###....

Your spell library contained the following spells:

 Spells                   Type           Power        Failure   Level  Hunger
 Slow                     Hex            #.......     19%         2    #......


Dungeon Overview and Level Annotations

Branches:
Dungeon (4/15)
 Temple: D:4-7

Altars:
Makhleb

Annotations:
D:4 Menkaure


Innate Abilities, Weirdness & Mutations

You are too large for most types of armour.
You have tough skin. (AC +1)


Message History

Your crimson imp blinks!
Menkaure mumbles some strange words.
Menkaure seems to speed up.
Your crimson imp blinks!
Something hits your crimson imp!
Your crimson imp blinks!
An ooze comes into view.
Something hits your crimson imp but does no damage.
Menkaure hits you!
* * * LOW HITPOINT WARNING * * *
Unknown command.
Menkaure calls on the powers of darkness!
Your body is wracked with pain!
* * * LOW HITPOINT WARNING * * *
Your crimson imp barely misses Menkaure.
Unknown command.
Your crimson imp hits Menkaure but does no damage.
Menkaure points at you and mumbles some strange words.
Pain shoots through your body!
You die...

...####.......# #.........#.###
...#.....#..######.......#.....
.......#....# #........>#...#
.......#...## #.#..........#
##...#...#J## ##.#.........###
#......(....###..............#
#...).#....55.##.........##...#
#.##..#......M....##..##.......#
#.....##.....##.@.....##......##
...####......####...#####..####
#.. ###.....## ##<## #.# ##
#.......# ### ## ##.....##
#....## ##.### #.# ###


You could see Menkaure, an ooze and 2 friendly crimson imps.

Vanquished Creatures
  A crimson imp (D:4)
  An adder (D:2)
  3 dart slugs
  A leopard gecko (D:3)
  An orc (D:3)
  8 bats
  A giant cockroach (D:3)
  4 hobgoblins
  3 jackals (D:3)
  9 kobolds
  4 frilled lizards
  6 goblins
  3 rats
45 creatures vanquished.

Vanquished Creatures (collateral kills)
  2 adders (D:3)
  An ooze (D:3)
  2 worms
  3 hobgoblins
8 creatures vanquished.

Grand Total: 53 creatures vanquished

Notes
Turn   | Place    | Note
-------+----------+-------------------------------------------
     0 | D:1      | Masnef the Ogre Wizard began the quest for the Orb.
     0 | D:1      | Reached XP level 1. HP: 16/16 MP: 5/5
   159 | D:1      | Reached skill level 4 in Spellcasting
   170 | D:1      | Reached XP level 2. HP: 24/24 MP: 4/7
   174 | D:1      | Learned a level 2 spell: Blink
   184 | D:1      | Learned a level 2 spell: Call Imp
   403 | D:1      | Reached skill level 1 in Summonings
   403 | D:1      | Reached skill level 1 in Translocations
   588 | D:1      | You fall into a shaft and drop 1 floor!
   873 | D:1      | Reached skill level 1 in Conjurations
  1192 | D:2      | Reached XP level 3. HP: 20/31 MP: 3/8
  1477 | D:2      | Upgraded the game from 0.25-a0-657-ge95d391c20 to
                  | 0.25-a0-665-ga69d64035b
  1698 | D:2      | Found a burning altar of Makhleb.
  2002 | D:3      | Upgraded the game from 0.25-a0-665-ga69d64035b to
                  | 0.25-a0-668-gea548f19b6
  2236 | D:3      | Reached XP level 4. HP: 40/40 MP: 7/10
  3234 | D:4      | Reached skill level 1 in Maces & Flails
  3294 | D:4      | Learned a level 3 spell: Mephitic Cloud
  3298 | D:4      | Learned a level 3 spell: Conjure Flame
  3327 | D:4      | Noticed Menkaure
  3348 | D:4      | Killed from afar by Menkaure

Levels and vault maps discovered:
D:1:      dpeg_arrival_chambers_temple_mockup, layout_basic
D:2:      layout_rooms, bloody_makhleb
D:3:      layout_loops_cross
D:4:      cheibrodos_barr_body, layout_cave_pools, grunt_temple_overflow_open,
          guppyfry_early_orc_mine, uniq_menkaure

Skill      XL: |  1  2  3  4 |
---------------+-------------+-----
Spellcasting   | 4 |  4.0
Dodging        | 2 |  2.2
Summonings     | 1 2 |  2.0
Translocations | 1 2 |  2.0
Conjurations   | 1 |  1.4
Maces & Flails | 1 |  1.0
Fighting       | |  0.7
Stealth        | |  1.6

Action                   |  1- 3 |  4- 6 || total
-------------------------+-------+-------++-------
Melee: Unarmed           |     8 |       ||     8
       Dagger            |    35 |       ||    35
       Whip              |    35 |    45 ||    80
 Cast: Magic Dart        |    68 |    13 ||    81
       Call Imp          |     7 |    14 ||    21
       Blink             |     1 |       ||     1
  Use: Scroll            |     2 |     2 ||     4
 Stab: Sleeping          |     1 |     1 ||     2
  Eat: Chunk             |     4 |     4 ||     8
Armor: Robe              |    32 |    19 ||    51
Dodge: Dodged            |    56 |    42 ||    98

Table legend:
 A = Non-vault XP
 B = Vault XP
 C = Vault XP percentage of total XP
 D = Non-vault monster count
 E = Vault monster count
 F = Vault count percentage of total count
                 A         B        C        D         E       F
            +---------+---------+-------+---------+---------+-------
      Total |     157 |       0 |   0.0 |      53 |       0 |   0.0
            +---------+---------+-------+---------+---------+-------
        D:1 |      29 |       0 |   0.0 |      17 |       0 |   0.0
        D:2 |      33 |       0 |   0.0 |      15 |       0 |   0.0
        D:3 |      54 |       0 |   0.0 |      19 |       0 |   0.0
        D:4 |      41 |       0 |   0.0 |       2 |       0 |   0.0
            +---------+---------+-------+---------+---------+-------
